 Dungeon Crawl Stone Soup version 0.24-a0-462-ge24419a (webtiles) character file.

Game seed: 671869746957466109

531628 robertstho the Heavyweight Champion (level 24, -7/209 HPs)
             Began as a Troll Fighter on June 28, 2019.
             Was the Champion of Okawaru.
             Killed by the air
             ... invoked by a spriggan air mage
             ... led by the Enchantress
              (18 damage)
             ... on level 3 of the Depths on July 1, 2019.
             The game lasted 02:10:31 (43458 turns).

robertstho the Heavyweight Champion (TrFi)         Turns: 43458, Time: 02:10:31

Health: -7/209     AC: 37    Str: 36    XL:     24   Next: 44%
Magic:  30/30      EV: 15    Int:  2    God:    Okawaru [******]
Gold:   4107       SH: 31    Dex: 17    Spells: 23/23 levels left

rFire    + + .     SeeInvis +     - Unarmed
rCold    + + +     Gourm    +   u - +0 large shield of the Imp {rElec rC+ rN+ Int-2}
rNeg     + . .     Faith    .   n - +12 gold dragon scales "Zicuzics" {rPois rF+ rC+ Dex+4}
rPois    +         Spirit   .   m - +2 hat of Inference {Regen+ Dex+3}
rElec    +         Reflect  +   v - scarf {rC+ rF+}
rCorr    .         Harm     .   (gloves unavailable)
MR       .....     NoTele   +   (boots unavailable)
Stlth    ..........             z - +6 amulet of reflection
HPRegen  1.24/turn              e - +4 ring of evasion
MPRegen  0.22/turn              i - ring of see invisible

@: vulnerable, finesse, cannot translocate, very slightly contaminated, hasted
and slowed, invisible
A: large, unfitting armour, claws 3, clumsy 1, fast metabolism 3, gourmand,
regeneration 1, shaggy fur 1, tough skin 3
}: 3/15 runes: serpentine, barnacled, silver
a: Heroism, Finesse, Renounce Religion


You were on level 3 of the Depths.
You worshipped Okawaru.
Okawaru was exalted by your worship.
You were very full.

You visited 10 branches of the dungeon, and saw 44 of its levels.
You visited the Abyss 1 time.

You collected 5141 gold pieces.
You spent 1034 gold pieces at shops.

Inventory:

Hand Weapons
 b - a +6 scimitar of flaming
Missiles
 P - 105 large rocks (quivered)
Armour
 m - the +2 hat of Inference (worn) {Regen+ Dex+3}
   (Okawaru gifted it to you on level 1 of the Elven Halls)

   It affects your dexterity (+3).
   It increases your rate of regeneration.
 n - the +12 gold dragon scales "Zicuzics" (worn) {rPois rF+ rC+ Dex+4}
   (Okawaru gifted it to you on level 2 of the Orcish Mines)

   It affects your dexterity (+4).
   It protects you from fire.
   It protects you from cold.
   It protects you from poison.
 s - a scarf of cloud immunity
 u - the +0 large shield of the Imp (worn) {rElec rC+ rN+ Int-2}
   (Okawaru gifted it to you on level 5 of the Vaults)

   It affects your intelligence (-2).
   It protects you from cold.
   It insulates you from electricity.
   It protects you from negative energy.
 v - a scarf of resistance (worn)
 W - a +2 cloak of magic resistance
Jewellery
 e - a +4 ring of evasion (left claw)
 i - a ring of see invisible (right claw)
 j - a +4 ring of protection
 p - an uncursed ring of protection from fire
 q - an uncursed ring of protection from fire
 t - an uncursed ring of protection from magic
 w - the ring "Aqow" {+Blink Str+4 Dex+4}
   (You found it on level 2 of the Depths)

   [ring of strength]

   It affects your strength (+4).
   It affects your dexterity (+4).
   It lets you blink.
 y - an uncursed amulet of guardian spirit
 z - a +6 amulet of reflection (around neck)
 E - an uncursed ring of flight
 H - an uncursed ring of protection from cold
 N - the amulet of Loedwom {+Rage MR- MP+9 Str+8 Dex+3}
   (You acquired it on level 1 of the Vaults)

   [amulet of rage]

   It affects your strength (+8).
   It affects your dexterity (+3).
   It affects your resistance to hostile enchantments.
   It affects your magic capacity (+9).
   It lets you go berserk.
 Q - an uncursed ring of protection from fire
 S - an uncursed ring of resist corrosion
 V - an uncursed ring of protection from cold
Wands
 B - a wand of disintegration (57)
 F - a wand of clouds (19)
 L - a wand of digging (13)
 R - a wand of acid (33)
Scrolls
 a - 3 scrolls of immolation
 g - 16 scrolls of remove curse
 k - 6 scrolls of magic mapping
 l - 18 scrolls of teleportation
 x - a scroll of fear
 A - 5 scrolls of enchant armour
 C - 2 scrolls of fog
 I - 4 scrolls of blinking
 J - a scroll of holy word
 X - 4 scrolls of summoning
 Y - a scroll of silence
Potions
 c - 3 potions of berserk rage
 f - 9 potions of flight
 r - 9 potions of curing
 D - 2 potions of haste
 G - 2 potions of cancellation
 K - 10 potions of lignification
 M - a potion of invisibility
 O - a potion of resistance
 T - 7 potions of agility
 U - 5 potions of might
Miscellaneous
 Z - a lamp of fire
Comestibles
 d - 62 rations
 h - 13 chunks of flesh


   Skills:
 + Level 6.6 Fighting
 + Level 2.1 Long Blades
   Level 0.4 Maces & Flails
 + Level 4.0 Throwing
 * Level 13.5 Armour
 + Level 10.3 Dodging
 - Level 3.5 Stealth
 + Level 17.8 Shields
 O Level 27 Unarmed Combat
 + Level 11.7 Invocations
 + Level 0.3 Evocations


You had 23 spell levels left.
You didn't know any spells.
Your spell library contained the following spells:

 Spells                   Type           Power        Failure   Level  Hunger
 Animate Skeleton         Necr           N/A          100%        1    ##.....
 Apportation              Tloc           #.....       100%        1    ##.....
 Confusing Touch          Hex            #.....       100%        1    ##.....
 Corona                   Hex            #......      100%        1    ##.....
 Magic Dart               Conj           #...         100%        1    ##.....
 Sting                    Conj/Pois      #...         100%        1    ##.....
 Summon Butterflies       Summ           #.......     100%        1    ##.....
 Summon Small Mammal      Summ           #...         100%        1    ##.....
 Blink                    Tloc           N/A          100%        2    ###....
 Call Imp                 Summ           #.......     100%        2    ###....
 Corpse Rot               Necr           N/A          100%        2    ###....
 Ensorcelled Hibernation  Hex/Ice        #.....       100%        2    ###....
 Passwall                 Tmut/Erth      #.......     100%        2    ###....
 Poisonous Vapours        Pois/Air       #.....       100%        2    ###....
 Slow                     Hex            #.......     100%        2    ###....
 Sublimation of Blood     Necr           #.........   100%        2    ###....
 Swiftness                Chrm/Air       #.......     100%        2    ###....
 Call Canine Familiar     Summ           #.......     100%        3    ####...
 Confuse                  Hex            #.......     100%        3    ####...
 Conjure Flame            Conj/Fire      #.......     100%        3    ####...
 Dazzling Spray           Conj/Hex       #.....       100%        3    ####...
 Ignite Poison            Fire/Tmut/Pois #.......     100%        3    ####...
 Inner Flame              Hex/Fire       #.......     100%        3    ####...
 Mephitic Cloud           Conj/Pois/Air  #.......     100%        3    ####...
 Portal Projectile        Hex/Tloc       #.....       100%        3    ####...
 Static Discharge         Conj/Air       #.......     100%        3    ####...
 Stone Arrow              Conj/Erth      #.....       100%        3    ####...
 Tukima's Dance           Hex            #.......     100%        3    ####...
 Cause Fear               Hex            #.........   100%        4    #####..
 Ice Form                 Ice/Tmut       #.......     100%        4    #####..
 Leda's Liquefaction      Hex/Erth       #.........   100%        4    #####..
 Olgreb's Toxic Radiance  Pois           #.......     100%        4    #####..
 Passage of Golubria      Tloc           N/A          100%        4    #####..
 Petrify                  Tmut/Erth      #.......     100%        4    #####..
 Summon Ice Beast         Ice/Summ       #.......     100%        4    #####..
 Summon Lightning Spire   Summ/Air       #.......     100%        4    #####..
 Alistair's Intoxication  Tmut/Pois      #.......     100%        5    ######.
 Bolt of Magma            Conj/Fire/Erth #.........   100%        5    ######.
 Borgnjor's Vile Clutch   Necr/Erth      #.........   100%        5    ######.
 Irradiate                Conj/Tmut      #.........   100%        5    ######.
 Iskenderun's Battlesphe  Conj/Chrm      #.......     100%        5    ######.
 Lee's Rapid Deconstruct  Erth           #.........   100%        5    ######.
 Lightning Bolt           Conj/Air       #.........   100%        5    ######.
 Metabolic Englaciation   Hex/Ice        #.........   100%        5    ######.
 Silence                  Hex/Air        #.........   100%        5    ######.
 Summon Forest            Summ/Tloc      #.........   100%        5    ######.
 Summon Mana Viper        Hex/Summ       #.......     100%        5    ######.
 Venom Bolt               Conj/Pois      #.........   100%        5    ######.
 Bolt of Cold             Conj/Ice       #.........   100%        6    #######
 Conjure Ball Lightning   Conj/Air       #.........   100%        6    #######
 Darkness                 Hex            #.........   100%        6    #######
 Deflect Missiles         Chrm/Air       #.........   100%        6    #######
 Freezing Cloud           Conj/Ice/Air   #.........   100%        6    #######
 Hydra Form               Tmut           #.........   100%        6    #######
 Invisibility             Hex            #.......     100%        6    #######
 Iron Shot                Conj/Erth      #.........   100%        6    #######
 Ozocubu's Refrigeration  Ice            #.........   100%        6    #######
 Shadow Creatures         Summ           N/A          100%        6    #######
 Simulacrum               Ice/Necr       #.........   100%        6    #######
 Statue Form              Tmut/Erth      #........    100%        6    #######
 Haunt                    Necr/Summ      #.........   100%        7    #######
 Orb of Destruction       Conj           #.........   100%        7    #######
 Spellforged Servitor     Conj/Summ      #.........   100%        7    #######
 Summon Hydra             Summ           #.........   100%        7    #######
 Borgnjor's Revivificati  Necr           #.........   100%        8    #######
 Death's Door             Chrm/Necr      #.........   100%        8    #######
 Ignition                 Fire           #.........   100%        8    #######
 Infestation              Necr           #.........   100%        8    #######
 Necromutation            Tmut/Necr      #.........   100%        8    #######
 Shatter                  Erth           #.........   100%        9    #######
 Tornado                  Air            #.........   100%        9    #######


Dungeon Overview and Level Annotations

Branches:
Dungeon (15/15)            Temple (1/1) D:7            Lair (6/6) D:11
 Shoals (4/4) Lair:3        Snake (4/4) Lair:4        Slime (0/5) Lair:5
    Orc (2/2) D:10            Elf (3/3) Orc:2        Vaults (5/5) D:13
  Crypt (1/3) Vaults:3     Depths (3/5) D:15

Altars:
Ashenzari
Cheibriados
Dithmenos
Fedhas
Gozag
Hepliaklqana
Kikubaaqudgha
Makhleb
Nemelex Xobeh
Okawaru
Qazlal
Ru
Sif Muna
Trog
Xom
Yredelemnul
Zin
The Shining One
Jiyva

Shops:
D:4 !   D:7 %   D:9 =   Orc:2 *}[[   Shoals:1 !   Vaults:3 *   Depths:1 *

Portals:
Hell: Depths:1

Annotations:
D:4 potion shop, 2 transporters, Maken's ghost, amateur OpFE
D:9 720 ring
Lair:3 exclusion: ice statue
Snake:2 1 runed translucent door, Yheis's ghost, adept HuSk
Elf:1 1 runed translucent door, silenth's ghost, adept OgGl
Depths:3 Saint Roka; the Enchantress


Innate Abilities, Weirdness & Mutations

You are too large for most types of armour.
You have claws for hands.
Your metabolism is lightning-fast.
You like to eat raw meat.
Your natural rate of healing is unusually fast.
You are covered in fur. (AC +1)
You have extremely tough skin. (AC +3)
You are clumsy. (Dex -2)


Message History

You block the Enchantress's attack.
The ufetubus shouts!
The spriggan air mage waves its arms in wide circles.
The air twists around and strikes you!
* * * LOW HITPOINT WARNING * * *
You block the Enchantress's attack.
The spriggan air mage waves its arms in wide circles.
The air twists around and strikes you!
The spriggan defender hits you but does no damage.
The ynoxinul gestures.
You feel better.
The ufetubus shouts! x3
You block the Enchantress's attack.
You block the spriggan defender's attack.
The spriggan air mage waves its arms in wide circles.
The air twists around and strikes you!
* * * LOW HITPOINT WARNING * * *
The spriggan air mage waves its arms in wide circles.
The air twists around and strikes you!
You die...

### +.# +.# +.# #.##
#..# #@i# ###ii# #..i.#
###..i5# #...5i.##
#....5N3##
###+###...5oo5#+# ##
#.....#....3..#.#
≈♣#####.....#...÷.o##.#


You could see Saint Roka, the Enchantress, 2 spriggan defenders, a salamander, a
soul eater, 2 spriggan air magi, a ynoxinul, an orc sorcerer, a spriggan and 4
ufetubi.

Vanquished Creatures
  Mara (Snake:4)
  Mennas (Vaults:5)
  A juggernaut (Depths:2)
  Sojobo (Vaults:5)
  Vashnia (Snake:4)
  Xtahua (Vaults:2)
  3 golden dragons (Vaults:5)
  A Tzitzimitl (Depths:1)
  3 tentacled monstrosities
  Rupert (D:12)
  3 liches
  A deep elf blademaster (Elf:2)
  The ghost of Bengun the Unseen, an adept SpEE of Gozag (Vaults:4)
  5 titans
  A quicksilver dragon (Vaults:4)
  Gastronok (Orc:1)
  An ancient champion (Crypt:1)
  2 sphinxes (Vaults:5)
  Donald (Snake:4)
  A large abomination (Vaults:5)
  3 storm dragons (Depths:2)
  Polyphemus (Shoals:2)
  3 shadow dragons
  6 tengu reavers (Vaults:5)
  Roxanne (Shoals:1)
  7 nagarajas
  5 fire giants
  7 frost giants
  16 vault wardens
  5 deep elf sorcerers
  2 iron dragons
  Louise (Snake:1)
  2 deep elf elementalists (Vaults:5)
  A curse skull (Crypt:1)
  17 ironheart preservers
  2 spriggan defenders
  2 ghouls (Crypt:1)
  14 stone giants
  An entropy weaver (Vaults:5)
  9 very ugly things
  3 deep elf demonologists
  Nessos (D:12)
  A spark wasp (Depths:2)
  4 vampire knights
  2 eidola (Crypt:1)
  Snorg (D:10)
  11 ettins
  6 fire dragons
  11 merfolk impalers
  5 deep elf death magi
  7 merfolk javelineers
  A crystal guardian (Vaults:3)
  5 deep elf high priests
  18 naga warriors
  3 great orbs of eyes
  8 hydras
  11 yaktaur captains
  3 merfolk avatars
  Harold (D:9)
  37 vault guards
  A quicksilver dragon skeleton (Crypt:1)
  9 ice dragons
  3 rakshasas
  3 catoblepae
  Erolcha (Orc:2)
  8 centaur warriors
  3 spriggan air magi
  9 anacondas
  4 death knights
  28 dancing weapons
  24 two-headed ogres
  4 merfolk aquamancers (Shoals:4)
  10 ogre magi
  4 alligator snapping turtles
  12 death yaks
  6 deep troll shamans
  5 tengu warriors
  16 naga sharpshooters
  A satyr (Shoals:2)
  3 deep troll earth magi
  6 orc high priests (Orc:2)
  4 vampire magi
  4 shock serpents
  Sonja (Lair:6)
  28 deep elf knights
  Nergalle (Lair:1)
  6 skeletal warriors
  3 shadow wraiths
  A fire crab (shapeshifter) (D:13)
  A fire crab (Lair:6)
  A salamander mystic (Snake:4)
  20 deep trolls
  An unseen horror (shapeshifter) (Vaults:3)
  12 sea snakes
  An entropy weaver zombie (Vaults:1)
  3 shadow demons (Depths:1)
  4 unseen horrors
  A swamp dragon (shapeshifter) (D:14)
  3 flayed ghosts
  A golden dragon skeleton (Crypt:1)
  20 deep elf archers
  6 naga ritualists
  17 ironbrand convokers
  Pikel (D:8)
  A lindwurm (Lair:5)
  A harpy (shapeshifter) (D:14)
  28 harpies
  64 deep elf magi
  5 phantasmal warriors
  2 glowing orange brains (Vaults:3)
  4 wizards
  A wolf spider zombie (D:14)
  A wolf spider (Vaults:1)
  12 mana vipers
  22 orc knights
  12 manticores
  5 necromancers
  40 ugly things
  An oklob plant (Lair:4)
  A mana viper (shapeshifter) (Depths:1)
  10 salamanders
  9 cyclopes
  A sphinx zombie (Crypt:1)
  18 fauns
  5 orc sorcerers
  An orb spider (shapeshifter) (Vaults:2)
  10 merfolk sirens
  A shining eye (shapeshifter) (Depths:1)
  8 water nymphs
  A guardian serpent (shapeshifter) (D:15)
  20 vault sentinels
  25 naga magi
  Psyche (D:10)
  3 guardian serpents
  27 black mambas
  5 spectral swamp worms (Depths:1)
  A smoke demon (Abyss:3)
  23 spiny frogs
  2 gargoyles
  13 rime drakes
  A black mamba (shapeshifter) (Vaults:5)
  3 efreet
  5 komodo dragons
  22 yaktaurs
  10 freezing wraiths
  2 yaktaur skeletons
  3 tengu conjurers
  8 trolls
  A meliai (shapeshifter) (Vaults:1)
  36 merfolk
  A harpy zombie (D:15)
  4 polar bears
  Prince Ribbit (D:7)
  A queen bee (shapeshifter) (Depths:1)
  A jumping spider (shapeshifter) (Vaults:2)
  4 tyrant leeches (Lair:6)
  A hydra skeleton (Crypt:1)
  32 slime creatures
  5 wind drakes
  25 blink frogs
  20 hippogriffs
  A meliai zombie (D:13)
  A fire dragon zombie (Crypt:1)
  6 dream sheep
  13 snapping turtles
  A centaur simulacrum (D:15)
  A fire dragon skeleton (Crypt:1)
  A shock serpent simulacrum (Crypt:1)
  2 vampires
  3 air elementals
  9 shadows
  2 tarantellas (Vaults:5)
  A redback (Vaults:5)
  2 yaks (shapeshifter)
  21 water elementals
  33 yaks
  3 wraiths
  11 wyverns
  A basilisk (shapeshifter) (Vaults:5)
  5 fire elementals
  2 hungry ghosts
  2 steam dragons (Shoals:3)
  9 vampire mosquitoes
  10 wargs
  3 acid dragons
  A soldier ant (shapeshifter) (Vaults:3)
  35 nagas
  Duvessa (D:7)
  26 water moccasins
  12 ice beasts
  49 orc warriors
  12 porcupines
  A slave (D:8)
  An ettin simulacrum (Vaults:1)
  6 sky beasts
  4 black bears
  A black bear (shapeshifter) (Vaults:5)
  An eye of draining (D:14)
  3 phantoms
  A black mamba simulacrum (Crypt:1)
  5 centaurs
  20 ogres
  A fire dragon simulacrum (Crypt:1)
  4 boggarts (Depths:1)
  4 necrophages
  6 wolves
  18 crocodiles
  4 big kobolds
  3 gnoll sergeants
  A hippogriff zombie (Crypt:1)
  4 earth elementals
  A human zombie (Vaults:1)
  3 water moccasin zombies
  2 glowing shapeshifter simulacra (Vaults:3)
  33 bullfrogs
  Dowan (D:7)
  5 scorpions
  2 wyvern skeletons
  5 wights
  12 killer bees
  4 howler monkeys
  A vampire bat (D:3)
  7 electric eels
  A bullfrog zombie (D:6)
  9 jellies
  4 centaur zombies
  8 crimson imps
  3 human simulacra
  3 quasits
  2 hounds
  19 orc wizards
  35 orc priests
  Crazy Yiuf (D:3)
  A basilisk zombie (Crypt:1)
  3 bullfrog skeletons
  5 iguanas
  10 worker ants
  A killer bee zombie (Crypt:1)
  A big kobold skeleton (Crypt:1)
  4 hound zombies
  2 worker ant zombies (D:5)
  Robin (D:3)
  12 adders
  16 gnolls
  A howler monkey skeleton (D:4)
  2 shadow imps
  2 white imps (Lair:3)
  5 oozes (D:10)
  4 adder skeletons
  2 adder zombies
  A halfling skeleton (Crypt:1)
  5 worms
  3 dart slugs
  3 fire bats (D:3)
  8 leopard geckos
  112 orcs
  2 spectral bats (D:3)
  3 bat skeletons (D:3)
  A bat zombie (D:3)
  6 giant cockroaches
  15 goblins
  9 hobgoblins
  7 jackals
  10 quokkas
  3 ball pythons
  13 bats
  A bat simulacrum (D:3)
  3 frilled lizards
  22 kobolds
  A quokka zombie (D:5)
  5 rats
  2 crawling corpses (Vaults:5)
  3 plants
1983 creatures vanquished.

Vanquished Creatures (others)
  A stone giant (Vaults:5)
  A deep elf annihilator (Vaults:4)
  A centaur warrior (Depths:1)
  A satyr (Shoals:4)
  A merfolk aquamancer (Shoals:4)
  A two-headed ogre (Vaults:5)
  A deep elf knight (Elf:2)
  A naga ritualist (Snake:4)
  5 deep elf archers
  6 fauns
  2 deep elf magi
  A manticore (Shoals:1)
  3 cyclopes
  A vault sentinel (Vaults:5)
  7 yaktaurs
  A hydra simulacrum (Depths:3)
  An orc warrior (Vaults:4)
  A slave (D:8)
  A black bear (D:8)
  A centaur (Depths:1)
  2 ogres (Vaults:5)
  A boggart (Depths:1)
  A leopard gecko (D:10)
  A jackal (D:8)
  A bush (Lair:6)
  37 fungi
  79 plants
160 creatures vanquished.

Grand Total: 2143 creatures vanquished

Notes
Turn   | Place    | Note
-------+----------+-------------------------------------------
     0 | D:1      | robertstho the Troll Fighter began the quest for the Orb.
     0 | D:1      | Reached XP level 1. HP: 22/22 MP: 0/0
   175 | D:1      | Reached XP level 2. HP: 29/29 MP: 1/1
   521 | D:2      | Found a faded altar of an unknown god.
   690 | D:2      | Reached XP level 3. HP: 34/36 MP: 2/2
   924 | D:2      | Found an opulent altar of Gozag.
  1568 | D:3      | Noticed a black bear
  1589 | D:3      | Killed a black bear
  1589 | D:3      | Reached skill level 3 in Unarmed Combat
  1589 | D:3      | Reached XP level 4. HP: 22/44 MP: 3/3
  1589 | D:3      | Reached XP level 5. HP: 26/52 MP: 4/4
  1654 | D:3      | Noticed Robin
  1764 | D:3      | Killed Robin
  1775 | D:3      | Reached skill level 4 in Unarmed Combat
  1904 | D:3      | Found a runed translucent door.
  1905 | D:3      | Noticed Crazy Yiuf
  1914 | D:3      | Killed Crazy Yiuf
  2199 | D:3      | Reached XP level 6. HP: 61/61 MP: 5/5
  2322 | D:4      | Found Qirooc's Distillery.
  2345 | D:4      | Found a sacrificial altar of Ru.
  2426 | D:4      | Bought a potion of curing for 39 gold pieces
  2588 | D:4      | Reached skill level 5 in Unarmed Combat
  2594 | D:4      | Noticed an ice beast
  2602 | D:4      | Killed an ice beast
  2602 | D:4      | Reached XP level 7. HP: 64/67 MP: 6/6
  2927 | D:4      | Found a transporter.
  2957 | D:4      | Found a transporter.
  2958 | D:4      | Noticed Maken's ghost (amateur OpFE)
  3178 | D:5      | Entered Level 5 of the Dungeon
  3237 | D:5      | Reached skill level 6 in Unarmed Combat
  3344 | D:5      | Reached XP level 8. HP: 71/75 MP: 7/7
  3518 | D:5      | Reached skill level 1 in Armour
  3596 | D:5      | Identified the +2 robe "Xesoj" {rC+ Dex+3}
  3605 | D:5      | Reached skill level 7 in Unarmed Combat
  4245 | D:6      | Reached skill level 1 in Stealth
  4245 | D:6      | Reached skill level 5 in Shields
  4245 | D:6      | Reached skill level 8 in Unarmed Combat
  4407 | D:6      | Reached XP level 9. HP: 70/83 MP: 8/8
  4871 | D:7      | Found a staircase to the Ecumenical Temple.
  4877 | D:7      | Noticed Prince Ribbit
  4882 | D:7      | Killed Prince Ribbit
  4892 | D:7      | Reached skill level 5 in Dodging
  4934 | Temple   | Entered the Ecumenical Temple
  4964 | Temple   | Became a worshipper of Warmaster Okawaru
  5024 | D:7      | Reached skill level 9 in Unarmed Combat
  5147 | D:7      | Found Pes Buorph's Food Shoppe.
  5220 | D:7      | Reached * piety under Okawaru
  5220 | D:7      | Reached skill level 1 in Invocations
  5398 | D:7      | Noticed Dowan
  5448 | D:7      | Noticed Duvessa
  5459 | D:7      | Killed Duvessa
  5462 | D:7      | Killed Dowan
  5786 | D:8      | Noticed Pikel
  5797 | D:8      | Killed Pikel
  5797 | D:8      | Reached skill level 10 in Unarmed Combat
  5797 | D:8      | Reached XP level 10. HP: 91/91 MP: 8/10
  5823 | D:8      | Reached ** piety under Okawaru
  5920 | D:8      | Noticed a two-headed ogre
  6315 | D:8      | Found the +2 pair of boots of the Assassin {Detection Stab+
                  | Stlth++}
  6388 | D:8      | Killed a two-headed ogre
  6922 | D:8      | Got a translucent hunting sling
  7061 | D:3      | Identified the +10 hunting sling of Lome {flame, +Inv
                  | Str+9} (You found it on level 8 of the Dungeon)
  7239 | D:9      | Noticed Harold
  7269 | D:9      | Killed Harold
  7269 | D:9      | Reached *** piety under Okawaru
  7269 | D:9      | Reached skill level 11 in Unarmed Combat
  7526 | D:9      | Found Siwied's Jewellery Shoppe.
  7533 | D:9      | Noticed a manticore
  7547 | D:9      | Killed a manticore
  7547 | D:9      | Reached **** piety under Okawaru
  7547 | D:9      | Reached XP level 11. HP: 73/98 MP: 9/13
  7638 | D:9      | Noticed a two-headed ogre
  7649 | D:9      | Killed a two-headed ogre
  8050 | D:10     | Entered Level 10 of the Dungeon
  8057 | D:10     | Reached skill level 5 in Invocations
  8098 | D:10     | Noticed Psyche
  8108 | D:10     | Paralysed by Psyche for 4 turns
  8110 | D:10     | Noticed a centaur warrior
  8121 | D:10     | Killed a centaur warrior
  8121 | D:10     | Reached ***** piety under Okawaru
  8128 | D:10     | Noticed Snorg
  8160 | D:10     | Found a staircase to the Orcish Mines.
  8289 | D:10     | Killed Snorg
  8289 | D:10     | Received a gift from Okawaru
  8520 | D:10     | Reached skill level 12 in Unarmed Combat
  8539 | D:10     | Killed Psyche
  9021 | D:11     | Noticed a white ugly thing
  9042 | D:11     | Killed a white ugly thing
  9116 | D:11     | Found a staircase to the Lair.
  9172 | D:11     | Received a gift from Okawaru
  9603 | D:11     | Reached XP level 12. HP: 107/107 MP: 15/15
  9985 | D:12     | Noticed Nessos
  9996 | D:12     | Killed Nessos
 10194 | D:12     | Noticed Rupert
 10197 | D:12     | Paralysed by Rupert for 5 turns
 10213 | D:12     | Killed Rupert
 10213 | D:12     | Reached skill level 13 in Unarmed Combat
 10222 | D:12     | Received a gift from Okawaru
 10672 | D:13     | Noticed a tengu warrior
 10684 | D:13     | Killed a tengu warrior
 10699 | D:13     | Noticed a vault guard
 10708 | D:14     | Received a gift from Okawaru
 10860 | D:14     | Got an encrusted flail
 10974 | D:14     | Reached XP level 13. HP: 71/114 MP: 10/17
 11168 | D:14     | Reached skill level 14 in Unarmed Combat
 11630 | D:15     | Entered Level 15 of the Dungeon
 12135 | D:13     | Reached ****** piety under Okawaru
 12161 | D:13     | Received a gift from Okawaru
 12247 | D:13     | Found a gate to the Vaults.
 12320 | D:13     | Identified the +1 flail of the Moon {vamp, rElec rPois rF-
                  | MR+++ Stlth+} (You found it on level 14 of the Dungeon)
 12744 | D:13     | Reached skill level 15 in Unarmed Combat
 12870 | D:15     | Received a gift from Okawaru
 13041 | D:15     | Reached XP level 14. HP: 93/124 MP: 12/19
 13042 | D:15     | Found a staircase to the Depths.
 13078 | D:15     | Got a faintly glowing robe
 13089 | D:15     | Identified the +2 robe of Complete Protection {Int-4 Dex+5}
                  | (You found it on level 15 of the Dungeon)
 13089 | D:15     | Lost intelligence.
 13157 | D:14     | Got a dull robe {god gift}
 13168 | D:14     | Identified the +1 robe of Okawaru's Approval {*Corrode
                  | Str+4 Dex+4} (Okawaru gifted it to you on level 14 of the
                  | Dungeon)
 13210 | Lair:1   | Entered Level 1 of the Lair of Beasts
 13547 | Lair:1   | Reached skill level 1 in Long Blades
 13557 | Lair:1   | Noticed Nergalle
 13585 | Lair:1   | Killed Nergalle
 15582 | Lair:3   | Found a staircase to the Shoals.
 15913 | Lair:4   | Found a staircase to the Snake Pit.
 15941 | Lair:4   | Received a gift from Okawaru
 16182 | Lair:4   | Reached skill level 10 in Invocations
 16644 | Lair:5   | Reached skill level 5 in Fighting
 16644 | Lair:5   | Reached XP level 15. HP: 133/133 MP: 21/21
 16831 | Lair:5   | Reached skill level 16 in Unarmed Combat
 17064 | Lair:5   | Found a viscous altar of Jiyva.
 17064 | Lair:5   | Found a staircase to the Slime Pits.
 17180 | Lair:5   | Reached skill level 10 in Shields
 17809 | Lair:6   | Entered Level 6 of the Lair of Beasts
 17955 | Lair:6   | Noticed Sonja
 18035 | Lair:6   | Reached XP level 16. HP: 72/143 MP: 13/22
 18038 | Lair:6   | Reached skill level 10 in Dodging
 18368 | Lair:6   | Killed Sonja
 18564 | Lair:6   | Found a bloodstained altar of Trog.
 18673 | Lair:6   | Received a gift from Okawaru
 19298 | Orc:1    | Entered Level 1 of the Orcish Mines
 19316 | Orc:1    | Reached skill level 17 in Unarmed Combat
 19316 | Orc:1    | Noticed Gastronok
 19430 | Orc:1    | Killed Gastronok
 19584 | Orc:2    | Entered Level 2 of the Orcish Mines
 19714 | Orc:2    | Noticed Erolcha
 19721 | Orc:2    | Killed Erolcha
 20569 | Orc:2    | Found a staircase to the Elven Halls.
 20666 | Orc:2    | Received a gift from Okawaru
 20669 | Orc:2    | Got warped gold dragon scales {god gift}
 20684 | Orc:2    | Identified the +12 gold dragon scales "Zicuzics" {rPois rF+
                  | rC+ Dex+4} (Okawaru gifted it to you on level 2 of the
                  | Orcish Mines)
 20944 | Orc:2    | Found Ineist's Assorted Antiques.
 20947 | Orc:2    | Found Tyineamo's Antique Armour Shoppe.
 20948 | Orc:2    | Found Vuelaala's Gadget Shoppe.
 20949 | Orc:2    | Found Beanas's Antique Armour Emporium.
 21047 | Elf:1    | Entered Level 1 of the Elven Halls
 21116 | Elf:1    | Found a runed translucent door.
 21122 | Elf:1    | Found a shimmering altar of Xom.
 21122 | Elf:1    | Noticed silenth's ghost (adept OgGl)
 21234 | Elf:1    | Noticed an Executioner
 21240 | Elf:1    | Noticed a Tzitzimitl
 21549 | D:4      | Bought a potion of berserk rage for 65 gold pieces
 21549 | D:4      | Bought a potion of resistance for 130 gold pieces
 21850 | Snake:1  | Entered Level 1 of the Snake Pit
 22063 | Snake:1  | Noticed Louise
 22080 | Snake:1  | Killed Louise
 22145 | Snake:1  | Reached skill level 18 in Unarmed Combat
 22253 | Snake:1  | You fall into a shaft and drop 1 floor!
 22314 | Snake:2  | Reached XP level 17. HP: 116/149 MP: 24/24
 22467 | Snake:2  | Found the +4 robe of Augmentation {Str+4 Int+4 Dex+4}
 22487 | Snake:2  | Found a runed translucent door.
 22488 | Snake:2  | Noticed Yheis's ghost (adept HuSk)
 22643 | Snake:2  | Received a gift from Okawaru
 23470 | Snake:3  | Reached skill level 5 in Armour
 23905 | Snake:4  | Entered Level 4 of the Snake Pit
 23951 | Snake:4  | Reached skill level 19 in Unarmed Combat
 23959 | Snake:4  | Noticed Donald
 23983 | Snake:4  | Killed Donald
 24086 | Snake:4  | Noticed Mara
 24090 | Snake:4  | Noticed robertstho's illusion
 24128 | Snake:4  | Killed Mara
 24346 | Snake:4  | Received a gift from Okawaru
 25116 | Snake:4  | Received a gift from Okawaru
 25199 | Snake:4  | Reached XP level 18. HP: 159/159 MP: 25/25
 25449 | Snake:4  | Reached skill level 20 in Unarmed Combat
 25839 | Snake:4  | Got a serpentine rune of Zot
 25844 | Snake:4  | Noticed Vashnia
 25898 | Snake:4  | Killed Vashnia
 26116 | Shoals:1 | Entered Level 1 of the Shoals
 26451 | Shoals:1 | Noticed Roxanne
 26479 | Shoals:1 | Killed Roxanne
 26479 | Shoals:1 | Received a gift from Okawaru
 26665 | Shoals:1 | Found Yvoc's Distillery.
 26680 | Shoals:1 | Bought a potion of ambrosia for 120 gold pieces
 26680 | Shoals:1 | Bought 2 potions of heal wounds for 150 gold pieces
 26680 | Shoals:1 | Bought a potion of heal wounds for 75 gold pieces
 26680 | Shoals:1 | Bought a potion of curing for 45 gold pieces
 26680 | Shoals:1 | Bought a potion of curing for 45 gold pieces
 26680 | Shoals:1 | Bought a potion of heal wounds for 75 gold pieces
 27054 | Shoals:2 | Reached skill level 21 in Unarmed Combat
 27113 | Shoals:2 | Noticed Polyphemus
 27258 | Shoals:2 | Killed Polyphemus
 28067 | Shoals:3 | Reached XP level 19. HP: 160/167 MP: 26/26
 28414 | Shoals:3 | Received a gift from Okawaru
 28917 | Shoals:4 | Entered Level 4 of the Shoals
 29387 | Shoals:4 | Got a barnacled rune of Zot
 29696 | Shoals:4 | Identified the +1 hand axe "Efekodd" {chop, Str+2}
 29864 | Shoals:4 | Identified the cursed +1 chain mail of Xokhlimm {rElec rF+
                  | Str+7 Stlth-}
 30614 | Elf:1    | Reached skill level 22 in Unarmed Combat
 30646 | Elf:1    | Received a gift from Okawaru
 30652 | Elf:1    | Identified the +2 hat of Inference {Regen+ Dex+3} (Okawaru
                  | gifted it to you on level 1 of the Elven Halls)
 30681 | Elf:1    | Identified the +11 mace of Harmony {protect, *Drain rElec
                  | rPois rN++}
 31487 | Elf:2    | Found a runed translucent gate.
 31487 | Elf:2    | Found a runed translucent gate.
 31629 | Elf:2    | Reached XP level 20. HP: 164/175 MP: 27/27
 31832 | Elf:2    | Found a runed translucent gate.
 32285 | Elf:3    | Entered Level 3 of the Elven Halls
 32992 | Elf:3    | Cast into level 3 of the Abyss (a deep elf sorcerer)
 33045 | Elf:3    | Escaped the Abyss
 33175 | Elf:1    | Reached skill level 23 in Unarmed Combat
 33335 | Vaults:1 | Entered Level 1 of the Vaults
 33415 | Vaults:1 | Received a gift from Okawaru
 34076 | Vaults:1 | Identified a scroll of acquirement
 34078 | Vaults:1 | Got an ancient sapphire amulet
 34079 | Vaults:1 | Identified the amulet of Loedwom {+Rage MR- MP+9 Str+8
                  | Dex+3} (You acquired it on level 1 of the Vaults)
 34598 | Vaults:2 | Found a shimmering altar of Xom.
 34883 | Vaults:2 | Received a gift from Okawaru
 34974 | Vaults:2 | Reached XP level 21. HP: 183/183 MP: 28/28
 35224 | Vaults:2 | Reached skill level 24 in Unarmed Combat
 35536 | Vaults:2 | Noticed Xtahua
 35583 | Vaults:2 | Killed Xtahua
 35583 | Vaults:2 | Reached skill level 10 in Armour
 35879 | Vaults:3 | Found a staircase to the Crypt.
 35879 | Vaults:3 | Found a basalt altar of Yredelemnul.
 35879 | Vaults:3 | Found an ancient bone altar of Kikubaaqudgha.
 36055 | Vaults:3 | Got a slimy golden ring
 36057 | Vaults:3 | Identified the ring "Hec Sit" {Ice -Tele +Fly rPois Str+7}
                  | (You acquired it on level 3 of the Vaults)
 36109 | Vaults:3 | Found Cibrook's Assorted Antiques.
 36173 | Vaults:3 | Bought 2 potions of heal wounds for 290 gold pieces
 36360 | Vaults:3 | Received a gift from Okawaru
 36539 | Vaults:3 | Received a gift from Okawaru
 37089 | Vaults:4 | Reached skill level 25 in Unarmed Combat
 37230 | Vaults:4 | Paralysed by an ogre mage for 3 turns
 37268 | Vaults:4 | Reached XP level 22. HP: 191/191 MP: 29/29
 37354 | Vaults:4 | Found a runed translucent door.
 37354 | Vaults:4 | Found a shimmering altar of Xom.
 37566 | Vaults:4 | Reached skill level 15 in Shields
 37579 | Vaults:4 | Gained mutation: You are clumsy. (Dex -2) [a neqoxec]
 37782 | Vaults:4 | Received a gift from Okawaru
 38435 | Vaults:4 | Noticed Bengun's ghost (adept SpEE)
 38484 | Vaults:4 | Killed Bengun's ghost
 38527 | Vaults:5 | Entered Level 5 of the Vaults
 38767 | Vaults:5 | Noticed Sojobo
 38771 | Vaults:5 | Noticed a golden dragon
 38780 | Vaults:5 | Noticed Mennas
 38789 | Vaults:5 | Killed a golden dragon
 38789 | Vaults:5 | Killed Sojobo
 38789 | Vaults:5 | Received a gift from Okawaru
 38805 | Vaults:4 | Reached skill level 26 in Unarmed Combat
 39036 | Vaults:5 | Killed Mennas
 39036 | Vaults:5 | Received a gift from Okawaru
 39239 | Vaults:5 | Reached XP level 23. HP: 110/200 MP: 30/30
 39423 | Vaults:5 | Identified the +4 giant spiked club of Vawa {speed, *Slow
                  | Str+5 SInv} (Okawaru gifted it to you on level 5 of the
                  | Vaults)
 39542 | Vaults:5 | Upgraded the game from 0.24-a0-459-g225fefd to
                  | 0.24-a0-462-ge24419a
 39670 | Vaults:5 | Identified the +10 short sword of Duamop {venom, rElec rF++
                  | Str-4}
 39727 | Vaults:5 | Received a gift from Okawaru
 39900 | Vaults:5 | Received a gift from Okawaru
 40151 | Vaults:5 | Got a silver rune of Zot
 40232 | Vaults:5 | Received a gift from Okawaru
 40245 | Vaults:5 | Got a bloodstained large shield {god gift}
 40253 | Vaults:5 | Identified the +0 large shield of the Imp {rElec rC+ rN+
                  | Int-2} (Okawaru gifted it to you on level 5 of the Vaults)
 40347 | Vaults:5 | Reached skill level 27 in Unarmed Combat
 40907 | Crypt:1  | Entered Level 1 of the Crypt
 41844 | Depths:1 | Entered Level 1 of the Depths
 41883 | Depths:1 | Found a gateway to Hell.
 42024 | Depths:1 | Found Begre's Changing Room.
 42280 | Depths:1 | Paralysed by a vampire knight for 2 turns
 42284 | Depths:1 | Identified the ring of the Several Blessings {Int+4 Stlth+}
 42353 | Depths:1 | Found a shadowy altar of Dithmenos.
 42359 | Depths:1 | Reached XP level 24. HP: 181/208 MP: 30/30
 42482 | Depths:1 | Received a gift from Okawaru
 42668 | Depths:1 | Found a shattered altar of Ashenzari.
 42960 | Depths:2 | Noticed a juggernaut
 42969 | Depths:2 | Killed a juggernaut
 43056 | Depths:2 | Identified the ring "Aqow" {+Blink Str+4 Dex+4}
 43056 | Depths:2 | Identified the +1 mace of Cirhee Ylay {flame, rN++ Dex+6}
 43150 | Depths:2 | You fall into a shaft and drop 1 floor!
 43172 | Depths:3 | Paralysed by an ogre mage for 5 turns
 43221 | Depths:3 | Received a gift from Okawaru
 43407 | Depths:3 | Identified the +2 faerie dragon scales {rPois rCorr}
 43407 | Depths:3 | Noticed the Enchantress
 43443 | Depths:3 | Noticed Saint Roka
 43453 | Depths:3 | HP: 8/209 [spriggan defender/+4 rapier of venom[the
                  | Enchantress] (6)]
 43458 | Depths:3 | Killed from afar by a spriggan air mage

Levels and vault maps discovered:
D:1:      dpeg_arrival_arbitrary_b, layout_basic
D:2:      layout_basic, nicolae_gozag_seed_capital,
          chequers_ecumenical_altar_simple
D:3:      layout_rooms, nrook_loot_triangle, goddamned_bats, uniq_robin,
          uniq_crazy_yiuf_cottage
D:4:      layout_basic, gammafunk_ghost_stat_death, serial_shops,
          nicolae_shop_waterfront, first_ration, minivault_11,
          nicolae_ru_sacrificial_ziggurat
D:5:      layout_basic
D:6:      layout_cave_pods
D:7:      hangedman_cross_stitches, layout_basic,
          minmay_temple_entry_sparse_star, serial_shops, kennysheep_mini,
          corexii_leaking_fountain, minmay_misc_feat_plants, uniq_duvessa,
          uniq_prince_ribbit1
D:8:      layout_basic, uniq_pikel
D:9:      layout_loops_ring, serial_shops, nicolae_shop_crystal, uniq_harold
D:10:     layout_long_grid, orc_0_dummy, serial_glass, glass_columns_a,
          glass_columns_a, glass_columns_a, glass_columns_a, item_on_display_a,
          item_on_display_a, due_unseen_surprise, item_on_display_a,
          hangedman_little_slice_of_home, chequers_serial_rivers_micro_c,
          uniq_snorg, uniq_psyche
D:11:     layout_rooms, due_lair_maze_entry_diamond
D:12:     layout_loops_ring, uniq_nessos, uniq_rupert
D:13:     layout_gridville, david_vaults_5, portal_ice_cave_rime
D:14:     layout_long_grid, minmay_misc_feat_rows
D:15:     grunt_enter_depths_magical_seal, layout_rooms,
          chequers_serial_rivers_micro_d
Temple:   nicolae_temple_the_god_donut
Lair:1:   layout_long_grid, grunt_megastairs_2, uniq_nergalle
Lair:2:   layout_misc_corridors, st_stairs_13, beast_lair_carwin_1
Lair:3:   layout_chaotic_city, minmay_shoals_entry_lonely_mermaid, ice2_lemuel,
          lemuel_fruit_tree
Lair:4:   layout_loops_ring, minmay_snake_entry_six_corridors
Lair:5:   layout_gridlike, dpeg_slime_entry_enclosed_altar, special_room
          [special_room_mythical_zoo]
Lair:6:   minmay_lair_end_frog_pond, layout_long_grid, basic_altar, uniq_sonja
Shoals:1: layout_shoals, serial_shops, shop, uniq_roxanne
Shoals:2: layout_shoals, uniq_polyphemus
Shoals:3: layout_shoals, nicolae_shoals_drake_roost
Shoals:4: shoals_end_grunt_ice, layout_shoals
Snake:1:  layout_chambers, serial_shops, shop, grunt_megastairs_4, uniq_aizul,
          uniq_louise
Snake:2:  layout_gridlike, ebering_ghost_inner_flame, guppyfry_library_mini
Snake:3:  layout_grid_shapes
Snake:4:  snake_pit, layout_cave_town, drop_trap, hangedman_venom_bottle,
          uniq_donald, uniq_vashnia, uniq_mara
Orc:1:    layout_caves, uniq_jorgrun, uniq_gastronok
Orc:2:    st_orc_pillars, layout_diamond_mine, uniq_erolcha
Elf:1:    layout_geoelf_octagon, ebering_ghost_xom, minivault_28,
          minmay_the_grid_square_5x5_3x3_mashed
          [minmay_the_grid_square_5x5_percent,
          minmay_the_grid_square_5x5_tri_point,
          minmay_the_grid_square_5x5_n_small, minmay_the_grid_square_5x5_tie,
          minmay_the_grid_square_5x5_megaprize_hollow,
          minmay_the_grid_square_5x5_two_walls_a,
          minmay_the_grid_square_5x5_half_checkered,
          minmay_the_grid_square_5x5_moneybag, minmay_the_grid_square_5x5_fat_x]
Elf:2:    layout_gridlike, serial_glass, glass_columns_b, glass_columns_a
Elf:3:    minmay_elf_hall_quartered_circle, layout_geoelf_castle, serial_glass,
          glass_columns_b, glass_columns_a
Vaults:1: v_alt_pattern_6, nicolae_vaults_ninety_degrees, v_alt_pattern_4,
          v_pattern_3, ontoclasm_vaults_claustrophobia, grunt_vaults_focal,
          nicolae_vaults_big_ls, nicolae_vaults_shelves_hall,
          layout_vaults_omnicross
Vaults:2: v_alt_pattern_4, v_misc_30, hangedman_vaults_stagger,
          nicolae_vaults_quartermaster, vaults_dpeg_hooks,
          grunt_vaults_hallway_short, hangedman_vaults_stretched_pinwheel,
          nicolae_vaults_diagonal_hallway_6, ontoclasm_vaults_eye, v_misc_15,
          v_rooms_1, v_pattern_5, vaults_dpeg_diagonal, v_misc_12,
          nicolae_vaults_little_ls, layout_vaults_maze_snakey, basic_altar,
          uniq_xtahua
Vaults:3: hangedman_vaults_trim, vaults_room_corners,
          minmay_crypt_entry_necro_gods, vaults_mumra_minichess_inversion,
          nicolae_vaults_inception_corners, nicolae_vaults_network_barrier,
          nicolae_vaults_windows_and_doors_thing, v_misc_24, vaults_dpeg_doors,
          vaults_dpeg_cross, vaults_dpeg_encased_lava, layout_vaults_omnibox,
          serial_shops, shop
Vaults:4: ebering_vaults_ghost_xom, ontoclasm_vaults_ligature,
          vaults_room_pools, nicolae_vaults_what_the_h, hangedman_vaults_hat,
          v_pattern_4, vaults_dpeg_ring, nicolae_vaults_display_case,
          ontoclasm_vaults_chip, layout_vaults_quadrants
Vaults:5: serial_shops, uniq_mennas, uniq_sojobo
Crypt:1:  layout_chaotic_city, minmay_strange_pillars
Depths:1: regret_index_dithmenos_brocken_genspenst, layout_gridville,
          serial_sigils_hangedman_scar, pf_hell_entry_tar_river,
          corexii_hall_statues_l, minmay_misc_feat_four_crosses,
          nicolae_transmutations_shop, serial_bayou_lagoon_a, st_stairs_4,
          hangedman_abyss_or_decor_clamps, skrybe_limestone_x, ashenzari_altar_1
Depths:2: minmay_fractal_lines_corner, layout_cave_pools, minmay_misc_feat_chi,
          hell_entry
Depths:3: cheibrodos_hall_of_evolution, layout_honeycomb, minmay_misc_feat_room,
          rand_demon_pan_entry_4, grunt_hell_entry_demonic_statue,
          kennysheep_nub, minmay_misc_feat_tower, serial_bayou_ford_a,
          kennysheep_generic_room_3, infiniplex_staircase_squiggle,
          uniq_enchantress, uniq_saint_roka

Skill      XL: |  1  2  3  4  5  6  7  8  9 10 11 12 13 14 15 16 17 18 19 20 21 22 23 24 |
---------------+-------------------------------------------------------------------------+-----
Shields        | 3 4 5 6 7 8 9 10 11 12 13 14 15 17 | 17.8
Dodging        | 3 4 5 6 7 8 9 10 | 10.3
Unarmed Combat | 3 4 5 6 8 10 11 12 13 15 16 18 19 21 22 23 25 26 27 | 27.0
Fighting       | 3 4 5 6 |  6.6
Armour         | 1 2 3 6 7 8 9 10 11 12 13 | 13.5
Stealth        | 1 2 3 |  3.5
Invocations    | 2 4 6 7 9 10 11 | 11.7
Long Blades    | 1 2 |  2.1
Throwing       | 2 3 4 |  4.0
Maces & Flails | |  0.4
Evocations     | |  0.3

Action                   |  1- 3 |  4- 6 |  7- 9 | 10-12 | 13-15 | 16-18 | 19-21 | 22-24 || total
-------------------------+-------+-------+-------+-------+-------+-------+-------+-------++-------
Melee: Unarmed           |   125 |   152 |   402 |   671 |   830 |  1938 |  2044 |  1294 ||  7456
       Scimitar          |       |       |       |       |    32 |       |       |       ||    32
       Flail             |       |       |       |       |     2 |       |       |       ||     2
Throw: Large rock        |       |       |       |       |     5 |    45 |    54 |     9 ||   113
Invok: Heroism           |       |       |       |    13 |    12 |    18 |    12 |     6 ||    61
       Finesse           |       |       |       |     2 |     1 |     6 |     6 |     5 ||    20
Evoke: Wand              |       |       |       |     3 |       |       |       |       ||     3
       Lamp of fire      |       |       |       |       |     1 |     2 |     1 |     1 ||     5
  Use: Potion            |       |     3 |       |     8 |     4 |     1 |     5 |    17 ||    38
       Scroll            |       |       |     5 |     3 |    20 |     9 |    20 |    11 ||    68
 Stab: Sleeping          |       |       |     1 |     5 |    15 |       |       |       ||    21
       Distracted        |       |       |       |     1 |     1 |     1 |       |       ||     3
       Invisible         |       |       |       |     5 |       |       |       |       ||     5
  Eat: Chunk             |    18 |    12 |    29 |    49 |    67 |    83 |    88 |    50 ||   396
       Ration            |       |       |       |       |       |     2 |       |     1 ||     3
Armor: Robe              |    33 |    72 |    64 |   125 |   143 |    48 |       |       ||   485
       Troll leather arm |       |       |    25 |       |       |       |       |       ||    25
       Gold dragon scale |       |       |       |       |       |   623 |   580 |   435 ||  1638
Dodge: Dodged            |    38 |    72 |   192 |   363 |   411 |   668 |   498 |   307 ||  2549
Block: Shield            |    59 |   101 |   202 |   408 |   551 |  1529 |  1212 |       ||  4062
       Reflection        |       |       |       |       |       |    86 |   199 |    95 ||   380
       Large shield      |       |       |       |       |       |       |   651 |  1224 ||  1875
       Rpst.: Scimitar   |       |       |       |       |     7 |       |       |       ||     7

Table legend:
 A = Non-vault XP
 B = Vault XP
 C = Vault XP percentage of total XP
 D = Non-vault monster count
 E = Vault monster count
 F = Vault count percentage of total count
                 A         B        C        D         E       F
            +---------+---------+-------+---------+---------+-------
      Total |  506504 |  506327 |  50.0 |    1281 |     731 |  36.3
            +---------+---------+-------+---------+---------+-------
        D:1 |      23 |       0 |   0.0 |      13 |       0 |   0.0
        D:2 |      55 |       2 |   3.5 |      23 |       1 |   4.2
        D:3 |     219 |     252 |  53.5 |      19 |      33 |  63.5
        D:4 |     398 |       0 |   0.0 |      23 |       0 |   0.0
        D:5 |     795 |       0 |   0.0 |      29 |       0 |   0.0
        D:6 |    1178 |       0 |   0.0 |      24 |       0 |   0.0
        D:7 |    1202 |    1103 |  47.9 |      35 |      10 |  22.2
        D:8 |    2030 |     651 |  24.3 |      31 |       1 |   3.1
        D:9 |    3938 |     987 |  20.0 |      35 |       1 |   2.8
       D:10 |    3137 |    1739 |  35.7 |      31 |      10 |  24.4
       D:11 |    4069 |    1242 |  23.4 |      33 |      11 |  25.0
       D:12 |    4296 |    4313 |  50.1 |      21 |       2 |   8.7
       D:13 |    8877 |    4006 |  31.1 |      35 |       9 |  20.5
       D:14 |    8691 |       0 |   0.0 |      27 |       0 |   0.0
       D:15 |    7605 |    4418 |  36.7 |      20 |       9 |  31.0
     Lair:1 |    3497 |    2110 |  37.6 |      11 |       4 |  26.7
     Lair:2 |    7165 |    1032 |  12.6 |      28 |       9 |  24.3
     Lair:3 |    1661 |    2044 |  55.2 |      10 |      12 |  54.5
     Lair:4 |    3411 |     814 |  19.3 |      13 |      12 |  48.0
     Lair:5 |   10907 |    4903 |  31.0 |      19 |      16 |  45.7
     Lair:6 |   11867 |   12797 |  51.9 |      36 |      48 |  57.1
   Shoals:1 |   18065 |    1882 |   9.4 |      34 |       1 |   2.9
   Shoals:2 |   24669 |    5681 |  18.7 |      50 |       5 |   9.1
   Shoals:3 |   13293 |    2800 |  17.4 |      26 |       9 |  25.7
   Shoals:4 |   24021 |   23013 |  48.9 |      52 |      34 |  39.5
    Snake:1 |    8750 |    2077 |  19.2 |      15 |       2 |  11.8
    Snake:2 |   15206 |    6347 |  29.4 |      28 |       9 |  24.3
    Snake:3 |   18067 |       0 |   0.0 |      29 |       0 |   0.0
    Snake:4 |   17332 |   53324 |  75.5 |      33 |      72 |  68.6
      Orc:1 |    1298 |    2380 |  64.7 |      14 |       1 |   6.7
      Orc:2 |    3921 |   12161 |  75.6 |      37 |      62 |  62.6
      Elf:1 |   18824 |   14250 |  43.1 |      30 |      25 |  45.5
      Elf:2 |   20856 |   24849 |  54.4 |      33 |      29 |  46.8
      Elf:3 |   14656 |       0 |   0.0 |      30 |       0 |   0.0
   Vaults:1 |   15820 |   23388 |  59.7 |      37 |      32 |  46.4
   Vaults:2 |   21515 |   43050 |  66.7 |      34 |      54 |  61.4
   Vaults:3 |   31823 |   18807 |  37.1 |      51 |      22 |  30.1
   Vaults:4 |   25866 |   45654 |  63.8 |      51 |      49 |  49.0
   Vaults:5 |   55291 |  137497 |  71.3 |      72 |      92 |  56.1
    Crypt:1 |   21502 |       0 |   0.0 |      37 |       0 |   0.0
   Depths:1 |   19149 |   22942 |  54.5 |      24 |      33 |  57.9
   Depths:2 |   13661 |   21514 |  61.2 |      24 |       9 |  27.3
   Depths:3 |   17473 |    2298 |  11.6 |      23 |       3 |  11.5
    Abyss:3 |     425 |       0 |   0.0 |       1 |       0 |   0.0
            +---------+---------+-------+---------+---------+-------
